 Dungeon Crawl Stone Soup version 0.31-a0-981-geadf994542 (webtiles) character file.

Game seed: 6198741839765268195

114 promet the Magician (level 4, 0/32 HPs)
             Began as a Gnoll Hedge Wizard on Oct 31, 2023.
             Succumbed to a goblin's poison
             ... on level 3 of the Dungeon.
             The game lasted 00:12:38 (3854 turns).

promet the Magician (Gnoll Hedge Wizard)            Turns: 3854, Time: 00:12:38

Health: 0/32       AC:  3    Str:  9    XL:     4   Next: 98%
Magic:  10/13      EV: 13    Int: 16    God:
Gold:   90         SH:  0    Dex: 11    Spells: 11/17 levels left

rFire   . . .        a - +0 halberd
rCold   . . .        (shield currently unavailable)
rNeg    . . .        b - +0 robe
rPois   .            c - +0 hat
rElec   .            (no cloak)
rCorr   .            f - +0 pair of gloves
SInv    +            (no boots)
Will    .....        (no amulet)
Stlth   ++           n - ring of see invisible
HPRegen 0.25/turn    (no ring)
MPRegen 0.13/turn

%: no passive effects
@: lethally poisoned (0 -> -5)
A: fangs 1, strong nose, distributed training
a: no special abilities


You were on level 3 of the Dungeon.
You visited 1 branch of the dungeon, and saw 3 of its levels.

You collected 90 gold pieces.

Inventory:

Hand Weapons
 a - a +0 halberd (weapon)
 k - a +0 dagger
Missiles
 g - 13 stones (quivered)
 h - 10 poisoned darts
Armour
 b - a +0 robe (worn)
 c - a +0 hat (worn)
 f - a +0 pair of gloves (worn)
Jewellery
 j - a ring of fire
 n - a ring of see invisible (left hand)
Scrolls
 e - a scroll of vulnerability {unknown}
 l - 2 scrolls of identify {unknown}
Potions
 d - a potion of magic
 i - a potion of heal wounds {unknown}
 m - 2 potions of brilliance {unknown}


   Skills:
 + Level 1.3 Fighting
 + Level 1.3 Short Blades
 + Level 1.3 Long Blades
 + Level 1.3 Axes
 + Level 1.3 Maces & Flails
 + Level 1.3 Polearms
 + Level 1.3 Staves
 + Level 1.3 Ranged Weapons
 + Level 1.3 Throwing
 + Level 1.3 Armour
 + Level 4.7 Dodging
 + Level 4.3 Stealth
 + Level 1.3 Shields
 + Level 1.3 Unarmed Combat
 + Level 7.2 Spellcasting
 + Level 2.3 Conjurations
 + Level 1.0 Hexes
 + Level 2.3 Summonings
 + Level 1.0 Necromancy
 + Level 2.3 Translocations
 + Level 1.0 Transmutations
 + Level 1.0 Fire Magic
 + Level 1.0 Ice Magic
 + Level 1.0 Air Magic
 + Level 1.0 Earth Magic
 + Level 1.0 Poison Magic
 + Level 1.4 Invocations
 + Level 1.3 Evocations
 + Level 1.2 Shapeshifting


You had 11 spell levels left.
You knew the following spells:

 Your Spells              Type           Power      Damage    Failure   Level
a - Magic Dart            Conj           52%        1d5       4%          1
b - Blink                 Tloc           26%        N/A       7%          2
c - Call Imp              Summ           26%        N/A       7%          2
d - Slow                  Hex            36%        N/A       8%          1

Your spell library contained the following spells:

 Spells                   Type           Power      Damage    Failure   Level
 Cigotuvi's Dreadful Rot  Necr/Pois/Air  18%        N/A       12%         2
 Mephitic Cloud           Conj/Pois/Air  10%        N/A       21%         3


Dungeon Overview and Level Annotations

Branches:
Dungeon (3/15)

Altars:

Shops:
D:1 (

Annotations:
D:3 Sigmund


Innate Abilities, Weirdness & Mutations

You have very sharp teeth.
Your uncanny sense of smell can sniff out nearby items.
Your experience applies equally to all skills.


Message History

a +1 heavy hand axe; a +0 ring mail You swap places.
The goblin hits your cerulean imp but does no damage.
Your cerulean imp closely misses the goblin.
The goblin closely misses your cerulean imp.
Your cerulean imp misses the goblin.
The goblin hits your cerulean imp with a +0 dagger of venom.
Your cerulean imp dies!
Your cerulean imp disappears in a puff of smoke!
Casting: Call Imp (safe; 7% risk of failure)
Confirm with . or Enter, or press ? or * to list all spells.
Aiming: Slow (safe; 8% risk of failure)
Press: ? - help, Shift-Dir - straight line, f - goblin
Aim: a goblin, wielding a +0 dagger of venom (chance to affect: 61%)
The goblin seems to slow down.
Reach: a) +0 halberd
Press: ? - help, Dir - move target, f/p - goblin
Aim: a goblin, wielding a +0 dagger of venom (slow, about 70% to evade your +0 halberd)
You reach to attack!
You hit the goblin.
The goblin is moderately wounded.
Casting: Slow (safe; 8% risk of failure)
Confirm with . or Enter, or press ? or * to list all spells.
Aiming: Magic Dart (safe; 4% risk of failure)
Press: ? - help, Shift-Dir - straight line, f/p - goblin
Aim: a goblin, wielding a +0 dagger of venom (moderately wounded, slow, 100% to hit)
The magic dart hits the goblin.
The goblin is severely wounded.
The goblin barely misses you.
Casting: Magic Dart (safe; 4% risk of failure)
Confirm with . or Enter, or press ? or * to list all spells.
A tiny devil pulls itself out of the air.
The goblin hits you with a +0 dagger of venom.
* * * LOW HITPOINT WARNING * * *
You are lethally poisoned!
* * * LOW HITPOINT WARNING * * *
You feel very sick.
* * * LOW HITPOINT WARNING * * *
You feel sick.
Your cerulean imp closely misses the goblin.
You die...

..##.#...........# ...#
8.##..........##.#
#...#.
..####.###.#####.#
#...#.## #.# #.# #.#
#...#...∆ ..# #.# #)#
#...##.## ####
#.#####g#######.......
#.......5........# #.#
#######..#####...###.###
#@.# #.......<.. ∆ #..#
#...###.### #..# #.###
#.# #..# #.# #.# #...
..# #.# #.### #### #.#
#.. .#. ### # # ∆


You could see a goblin (slow, ally target) and a friendly cerulean imp
(summoned).

Vanquished Creatures
  An adder (D:3)
  2 gnolls
  A worm (D:2)
  A dart slug (D:2)
  A bat (D:1)
  2 endoplasms
  2 giant cockroaches
  2 goblins (D:1)
  3 hobgoblins
  2 jackals (D:2)
  A quokka (D:1)
  A ball python (D:1)
  2 frilled lizards (D:1)
  3 kobolds
  5 rats
29 creatures vanquished.

Vanquished Creatures (collateral kills)
  3 adders
  A gnoll (D:2)
  A worm (D:2)
  A dart slug (D:2)
  An orc (D:3)
  2 endoplasms (D:3)
  A goblin (D:2)
  A hobgoblin (D:1)
  A ball python (D:2)
  A kobold (D:1)
13 creatures vanquished.

Grand Total: 42 creatures vanquished

Notes
Turn   | Place    | Note
-------+----------+-------------------------------------------
     0 | D:1      | promet the Gnoll Hedge Wizard began the quest for the Orb.
     0 | D:1      | Reached XP level 1. HP: 13/13 MP: 8/8
   240 | D:1      | Found Pidghaf's Weapon Boutique.
   315 | D:1      | Reached XP level 2. HP: 19/19 MP: 7/10
   683 | D:1      | Learned a level 2 spell: Blink
   686 | D:1      | Learned a level 2 spell: Call Imp
   688 | D:1      | Learned a level 1 spell: Slow
  1659 | D:2      | Reached XP level 3. HP: 10/25 MP: 5/11
  2184 | D:2      | Reached skill level 1 in Invocations
  2415 | D:1      | Reached skill level 1 in Fighting
  2415 | D:1      | Reached skill level 1 in Short Blades
  2415 | D:1      | Reached skill level 1 in Long Blades
  2415 | D:1      | Reached skill level 1 in Axes
  2415 | D:1      | Reached skill level 1 in Maces & Flails
  2415 | D:1      | Reached skill level 1 in Polearms
  2415 | D:1      | Reached skill level 1 in Staves
  2415 | D:1      | Reached skill level 1 in Ranged Weapons
  2415 | D:1      | Reached skill level 1 in Throwing
  2415 | D:1      | Reached skill level 1 in Armour
  2415 | D:1      | Reached skill level 1 in Shields
  2415 | D:1      | Reached skill level 1 in Unarmed Combat
  2415 | D:1      | Reached skill level 1 in Evocations
  2908 | D:2      | Reached skill level 1 in Shapeshifting
  2908 | D:2      | Reached XP level 4. HP: 31/32 MP: 13/13
  3181 | D:2      | Reached skill level 1 in Hexes
  3181 | D:2      | Reached skill level 1 in Necromancy
  3181 | D:2      | Reached skill level 1 in Transmutations
  3181 | D:2      | Reached skill level 1 in Fire Magic
  3181 | D:2      | Reached skill level 1 in Ice Magic
  3181 | D:2      | Reached skill level 1 in Air Magic
  3181 | D:2      | Reached skill level 1 in Earth Magic
  3181 | D:2      | Reached skill level 1 in Poison Magic
  3794 | D:3      | Noticed Sigmund
  3853 | D:3      | HP: 1/32 [poisoned by a goblin]
  3854 | D:3      | Succumbed to a goblin's poison

Illustrated notes

Levels and vault maps discovered:
D:1:      lightli_arrival_quake, layout_basic, serial_shops, shop,
          serial_corexii_hall, chequers_hall_statues_corner_a,
          corexii_hall_statues_x, corexii_hall_statues_i, nrook_campfire
D:2:      layout_loops_ring, kennysheep_decorative_pillar, minmay_misc_feat_chi
D:3:      layout_loops_ring, nicolae_overflow_hallway_of_the_gods,
          gammafunk_ghost_cemetery, st_stairs_1, minmay_misc_feat_x,
          uniq_sigmund

Skill      XL: |  1  2  3  4 |
---------------+-------------+-----
Conjurations   | 2 |  2.3
Summonings     | 2 |  2.3
Translocations | 2 |  2.3
Invocations    | 1 |  1.4
Fighting       | 1 |  1.3
Short Blades   | 1 |  1.3
Long Blades    | 1 |  1.3
Axes           | 1 |  1.3
Maces & Flails | 1 |  1.3
Polearms       | 1 |  1.3
Staves         | 1 |  1.3
Ranged Weapons | 1 |  1.3
Throwing       | 1 |  1.3
Armour         | 1 |  1.3
Shields        | 1 |  1.3
Unarmed Combat | 1 |  1.3
Evocations     | 1 |  1.3
Shapeshifting  | 1 |  1.2
Hexes          | 1 |  1.0
Necromancy     | 1 |  1.0
Transmutations | 1 |  1.0
Fire Magic     | 1 |  1.0
Ice Magic      | 1 |  1.0
Air Magic      | 1 |  1.0
Earth Magic    | 1 |  1.0
Poison Magic   | 1 |  1.0
Dodging        | |  4.7
Stealth        | |  4.3
Spellcasting   | |  7.2

Action                     |  1- 3 |  4- 6 || total
---------------------------+-------+-------++-------
  Melee: Dagger            |     7 |       ||     7
         Bite              |     1 |     2 ||     3
         Halberd           |    10 |    27 ||    37
   Cast: Magic Dart        |    39 |     5 ||    44
         Call Imp          |     9 |    11 ||    20
         Slow              |     1 |     7 ||     8
   Stab: Distracted        |       |     1 ||     1
 Armour: Robe              |    17 |    15 ||    32
  Dodge: Dodged            |    16 |    18 ||    34

Table legend: (Time is in decaauts)
 A = Elapsed time spent in this place.
 B = Non-inter-level travel time spent in this place.
 C = Inter-level travel time spent in this place.
 D = Time resting spent in this place.
 E = Time spent auto-exploring this place.
 F = Levels seen in this place.
 G = Mean time per level.
                   A        B        C        D        E       F      G
               +--------+--------+--------+--------+--------+-----+--------+
         Total |   3872 |   3727 |    145 |   1662 |   1100 |   3 | 1290.7 |
       Dungeon |   3872 |   3727 |    145 |   1662 |   1100 |   3 | 1290.7 |
               +--------+--------+--------+--------+--------+-----+--------+

Top non-repeatable levels by time:
     D:1: 1865 daAuts
     D:2: 1754 daAuts
     D:3: 252 daAuts
